 Dungeon Crawl Stone Soup version 0.30.2 (webtiles) character file.

Game seed: 5668569299536185516

25 porpoise the Caller (level 3, 0/24 HPs)
             Began as a Barachi Summoner on Feb 17, 2024.
             Slain by a hobgoblin (2 damage)
             ... on level 1 of the Dungeon.
             The game lasted 00:02:18 (651 turns).

porpoise the Caller (Barachi Summoner)               Turns: 651, Time: 00:02:20

Health: 0/24       AC:  3    Str:  9    XL:     3   Next: 6%
Magic:  5/7        EV: 12    Int: 17    God:
Gold:   69         SH:  0    Dex: 12    Spells: 6/7 levels left

rFire   . . .        a - +0 short sword
rCold   . . .        (no shield)
rNeg    . . .        e - +0 robe
rPois   .            (no helmet)
rElec   .            (no cloak)
rCorr   .            (no gloves)
SInv    .            d - +0 pair of boots
Will    .....        (no amulet)
Stlth   ++           (no ring)
HPRegen 0.24/turn    (no ring)
MPRegen 0.10/turn

%: no passive effects
@: slow
A: amphibious, slowness 1, strong legs 1, +LOS
a: Hop


You were on level 1 of the Dungeon.
You visited 1 branch of the dungeon, and saw 1 of its levels.

You collected 69 gold pieces.

Inventory:

Hand Weapons
 a - a +0 short sword (weapon)
Armour
 d - a +0 pair of boots (worn)
 e - a +0 robe (worn)
Scrolls
 c - a scroll of noise {unknown}
 f - a scroll of magic mapping {unknown}
 g - 2 scrolls of fog {unknown}
 h - a scroll of blinking {unknown}
 k - a scroll of enchant armour {unknown}
Potions
 b - a potion of magic
 i - a potion of flight {unknown}
 j - a potion of brilliance {unknown}
 l - a potion of lignification {unknown}


   Skills:
 - Level 2.1 Dodging
 + Level 2.1 Stealth
 * Level 2.8 Spellcasting
 * Level 5.3 Summonings


You had 6 spell levels left.
You knew the following spells:

 Your Spells              Type           Power      Damage    Failure   Level
a - Summon Small Mammal   Summ           80%        N/A       1%          1

Your spell library contained the following spells:

 Spells                   Type           Power      Damage    Failure   Level
 Call Imp                 Summ           40%        N/A       3%          2
 Call Canine Familiar     Summ           20%        N/A       6%          3
 Summon Guardian Golem    Hex/Summ       11%        N/A       19%         3
 Summon Lightning Spire   Summ/Air       11%        N/A       52%         4


Dungeon Overview and Level Annotations

Branches:
Dungeon (1/15)

Altars:


Innate Abilities, Weirdness & Mutations

You are amphibious.
You cover ground slowly.
You can hop short distances.
You have an extended range of vision and can be seen from far away.


Message History

An endoplasm comes into view.
The gnoll misses you.
Casting: Summon Small Mammal (safe; 1% risk of failure)
Confirm with . or Enter, or press ? or * to list all spells.
The gnoll closely misses you.
Casting: Summon Small Mammal (safe; 1% risk of failure)
Confirm with . or Enter, or press ? or * to list all spells.
The gnoll barely misses you.
The hobgoblin hits you but does no damage.
You hit the gnoll. Your punch misses the gnoll.
The gnoll is lightly wounded.
Your quokka barely misses the gnoll.
The gnoll hits you but does no damage. The hobgoblin misses you.
Your rat bites the hobgoblin.
You hit the gnoll.
The gnoll is moderately wounded.
Your quokka barely misses the gnoll.
The gnoll hits you with a +0 spear.
The hobgoblin hits you but does no damage.
Your rat barely misses the hobgoblin.
You hit the gnoll.
The gnoll is heavily wounded.
Your quokka barely misses the gnoll.
The gnoll hits you with a +0 spear!
The hobgoblin hits you but does no damage.
Your rat bites the hobgoblin but does no damage.
You hit the gnoll.
The gnoll is severely wounded.
Your quokka barely misses the gnoll.
The gnoll hits you but does no damage. The hobgoblin hits you.
Your quokka misses the gnoll.
Your rat bites the hobgoblin.
You closely miss the gnoll.
The gnoll is severely wounded.
Your quokka bites the gnoll.
The gnoll hits you with a +0 spear!
* * * LOW HITPOINT WARNING * * *
The hobgoblin barely misses you.
Your rat bites the hobgoblin.
You hit the gnoll.
The gnoll is almost dead.
Your quokka bites the gnoll but does no damage.
The gnoll hits you with a +0 spear.
* * * LOW HITPOINT WARNING * * *
The hobgoblin hits you.
You die...

.......# ....# #.#.#
)....### ...# #.#.#
.....# ..# #.#.#
.....# .#
#.#.####### .....# #
#.#.......# )....#
....######.#######.#
######
................##.#
##
......####.####....#
.#
......Jg@.....######
.## ........gr.###.#
..###...........r.#
#
..........###.....#
......... #.....+
......... #.....#
......... #.....#
###...... ####+##
.>....


You could see a gnoll (ally target), an endoplasm, a hobgoblin (ally target), a
friendly quokka (summoned) and a friendly rat (summoned).

Vanquished Creatures
  A gnoll (D:1)
  2 endoplasms (D:1)
  3 goblins (D:1)
  A kobold (D:1)
  A rat (D:1)
8 creatures vanquished.

Vanquished Creatures (collateral kills)
  A ball python (D:1)
  A bat (D:1)
  2 giant cockroaches (D:1)
  A frilled lizard (D:1)
  A kobold (D:1)
6 creatures vanquished.

Grand Total: 14 creatures vanquished

Notes
Turn   | Place    | Note
-------+----------+-------------------------------------------
     0 | D:1      | porpoise the Barachi Summoner began the quest for the Orb.
     0 | D:1      | Reached XP level 1. HP: 13/13 MP: 3/3
   217 | D:1      | Reached skill level 5 in Summonings
   246 | D:1      | Reached XP level 2. HP: 19/19 MP: 3/5
   288 | D:1      | Found a faded altar of an unknown god.
   463 | D:1      | Reached XP level 3. HP: 15/24 MP: 7/7
   651 | D:1      | Slain by a hobgoblin

Illustrated notes

Levels and vault maps discovered:
D:1:      lordsloth_arrival_two_stooges, layout_basic,
          hellmonk_ecumenical_altar_pennies_from_heaven, minmay_pentomino_p2

Skill      XL: |  1  2 |
---------------+-------+-----
Summonings     | 5 |  5.3
Stealth        | 2 |  2.1
Dodging        | |  2.1
Spellcasting   | |  2.8

Action                     || total
---------------------------++-------
  Melee: Dagger            ||     8
         Unarmed           ||     6
         Short sword       ||    34
   Cast: Summon Small Mamm ||    11
 Armour: Robe              ||    14
  Dodge: Dodged            ||    36
